 Dungeon Crawl Stone Soup version 0.22-a0-570-g58866f5 (webtiles) character file.

2851 kae the Cleaver (level 9, -4/81 HPs)
             Began as a Deep Dwarf Fighter on June 30, 2018.
             Was a Believer of Makhleb.
             Slain by a two-headed ogre
             ... wielding a +0 giant club
              (6 damage)
             ... on level 9 of the Dungeon.
             The game lasted 00:06:03 (5864 turns).

kae the Cleaver (Deep Dwarf Fighter)                Turns: 5864, Time: 00:06:03

Health: -4/81      AC: 11    Str: 23    XL:     9   Next: 46%
Magic:  12/12      EV: 11    Int:  9    God:    Makhleb [**....]
Gold:   266        SH: 11    Dex: 15    Spells: 8/8 levels left

rFire    . . .     SeeInvis .   a - +1 war axe
rCold    . . .     Gourm    .   c - +0 shield
rNeg     . . .     Faith    .   b - +0 scale mail
rPois    .         Spirit   .   (no helmet)
rElec    .         Reflect  .   (no cloak)
rCorr    .         Harm     .   q - +2 pair of gloves {Dex+3}
MR       +....                  (no boots)
Stlth    ..........             (no amulet)
HPRegen  0.00/turn              (no ring)
MPRegen  0.13/turn              (no ring)

@: non-regenerating, drained
A: damage resistance, heal wounds, sense surroundings 2, no regeneration
a: Heal Wounds, Minor Destruction, Renounce Religion


You were on level 9 of the Dungeon.
You worshipped Makhleb.
Makhleb was pleased with you.
You were not hungry.

You visited 1 branch of the dungeon, and saw 9 of its levels.

You collected 384 gold pieces.
You spent 118 gold pieces at shops.

Inventory:

Hand Weapons
 a - a +1 war axe (weapon)
Armour
 b - a +0 scale mail (worn)
 c - a +0 shield (worn)
 q - a +2 pair of gloves of dexterity (worn)
 s - the +3 leather armour of Panentheism {rPois rC- Regen+}
   (You found it on level 4 of the Dungeon)

   It makes you vulnerable to cold.
   It protects you from poison.
   It increases your rate of regeneration.
Jewellery
 r - an uncursed ring of flight {unknown}
 u - an uncursed amulet of guardian spirit
 w - a +5 amulet of reflection
 A - an uncursed ring of flight {unknown}
Wands
 t - a wand of paralysis (10)
Scrolls
 g - 2 scrolls of amnesia
 h - a scroll of teleportation
 i - a scroll of blinking
 j - a scroll of immolation {unknown}
 m - 3 scrolls of remove curse
 p - a scroll of vulnerability {unknown}
 v - 4 scrolls of identify
 y - a scroll of noise
 z - a scroll of fog {unknown}
Potions
 d - 3 potions of might
 e - 2 potions of flight {unknown}
 k - 2 potions of curing
 l - 2 potions of heal wounds
 n - 2 potions of mutation
 o - 2 potions of lignification {unknown}
 x - a potion of magic {unknown}
 C - a potion of agility {unknown}
Comestibles
 f - 12 rations
 B - 2 chunks of flesh


   Skills:
 + Level 5.3 Fighting
 * Level 8.0(7.9) Axes
 + Level 6.4(6.3) Armour
 + Level 5.1 Dodging
 + Level 6.3(6.2) Shields
 + Level 5.9 Invocations


You had 8 spell levels left.
You didn't know any spells.
Your spell library was empty.

Dungeon Overview and Level Annotations

Branches:
Dungeon (9/15)             Temple (0/1) D:7            Lair (0/6) D:8
    Orc: D:9-12

Altars:
Kikubaaqudgha
Makhleb
Trog
Uskayaw
Zin

Shops:
D:5 %   D:7 *


Innate Abilities, Weirdness & Mutations

You are resistant to damage.
You can heal yourself by infusing magical energy.
You passively map the area around you.
You do not regenerate.


Message History

The two-headed ogre hits you with a giant club!
You slash the two-headed ogre!
The two-headed ogre is moderately wounded.
The two-headed ogre closely misses you. The two-headed ogre misses you.
You closely miss the two-headed ogre.
The two-headed ogre is moderately wounded.
You block the two-headed ogre's attack.
The two-headed ogre hits you with a giant club!
* * * LOW HITPOINT WARNING * * *
You hit the two-headed ogre but do no damage.
The two-headed ogre is moderately wounded.
You feel much better. You block the two-headed ogre's attack.
The two-headed ogre hits you with a giant club!
* * * LOW HITPOINT WARNING * * *
You hit the two-headed ogre.
The two-headed ogre is heavily wounded.
The two-headed ogre hits you with a giant club!!
* * * LOW HITPOINT WARNING * * *
The two-headed ogre hits you with a giant club!
You die...

,, , , * *, .#...
* , , *.... , , ,
*#... , * , #.. *
* ,, ,, #.. , ,
#.# , * * * , #O#
, * #@# , * ,**
### #.###### , ,
,*,, #.# #......#
**
#.############.#,,
,, #.........# #.#
* ** #.#######.#
#.#
#......(..####.#
#########......#
#...<#.######


You could see a two-headed ogre.

Vanquished Creatures
  Maurice (D:8)
  Prince Ribbit (D:7)
  A hungry ghost (D:8)
  A water moccasin (D:7)
  3 ice beasts
  A black bear (D:8)
  A necrophage (D:8)
  An ogre (D:7)
  A phantom (D:5)
  3 centaurs
  2 big kobolds
  A bullfrog (D:7)
  4 wights (D:8)
  2 howler monkeys
  A crimson imp (D:6)
  A quasit (D:5)
  An orc priest (D:4)
  2 bullfrog skeletons
  A jelly (D:7)
  4 hounds
  3 orc wizards
  A centaur skeleton (D:5)
  3 iguanas
  4 worker ants
  A hound zombie (D:7)
  A hound skeleton (D:5)
  A gnoll (D:1)
  3 adders
  3 shadow imps
  3 oozes
  An adder skeleton (D:4)
  An adder zombie (D:5)
  3 worms
  A dart slug (D:2)
  4 leopard geckos
  23 orcs
  3 bats
  A giant cockroach (D:2)
  6 goblins
  5 hobgoblins
  5 jackals
  16 kobolds
  A frilled lizard (D:1)
  A leopard gecko skeleton (D:4)
  A quokka skeleton (D:5)
  8 rats
136 creatures vanquished.

Notes
Turn   | Place    | Note
-------+----------+-------------------------------------------
     0 | D:1      | kae the Deep Dwarf Fighter began the quest for the Orb.
     0 | D:1      | Reached XP level 1. HP: 20/20 MP: 1/1
   115 | D:1      | Reached XP level 2. HP: 27/27 MP: 2/2
   508 | D:1      | Reached XP level 3. HP: 21/34 MP: 3/3
   746 | D:2      | Found an ancient bone altar of Kikubaaqudgha.
   757 | D:2      | Reached skill level 3 in Axes
   757 | D:2      | Reached skill level 1 in Dodging
  1525 | D:3      | Reached XP level 4. HP: 38/42 MP: 4/4
  1789 | D:3      | Found a burning altar of Makhleb.
  1874 | D:3      | Became a worshipper of Makhleb the Destroyer
  2234 | D:4      | Reached skill level 1 in Invocations
  2234 | D:4      | Reached XP level 5. HP: 38/49 MP: 5/5
  2246 | D:4      | Got a polished leather armour
  2257 | D:4      | Identified the +3 leather armour of Panentheism {rPois rC- Regen+} (You found it on level 4 of the Dungeon)
  2309 | D:4      | Reached skill level 4 in Axes
  2549 | D:4      | Found a hide-covered altar of Uskayaw.
  2598 | D:5      | Entered Level 5 of the Dungeon
  2673 | D:5      | Found Fiubaicw's Food Shop.
  2682 | D:5      | Noticed a phantom
  2689 | D:5      | Noticed a centaur
  2701 | D:5      | Reached XP level 6. HP: 32/56 MP: 7/7
  2704 | D:5      | Reached * piety under Makhleb
  2815 | D:5      | Noticed an ice beast
  2821 | D:5      | Killed an ice beast
  2821 | D:5      | Reached skill level 5 in Axes
  2821 | D:5      | Reached XP level 7. HP: 63/63 MP: 6/8
  2916 | D:5      | Found Zin's Purification Station.
  2924 | D:5      | Found a glowing silver altar of Zin.
  3455 | D:5      | Bought a potion of curing for 90 gold pieces
  3747 | D:6      | Reached skill level 5 in Armour
  3786 | D:6      | Found a bloodstained altar of Trog.
  4449 | D:7      | Reached skill level 5 in Shields
  4449 | D:7      | Reached XP level 8. HP: 49/72 MP: 9/9
  4486 | D:7      | Found Ziannack's General Store.
  4492 | D:7      | Reached skill level 6 in Axes
  4502 | D:7      | Bought a scroll of identify for 28 gold pieces
  4664 | D:7      | Reached ** piety under Makhleb
  4693 | D:7      | Noticed Prince Ribbit
  4718 | D:7      | Killed Prince Ribbit
  4946 | D:7      | Reached skill level 7 in Axes
  4979 | D:7      | Found a staircase to the Ecumenical Temple.
  5077 | D:8      | Reached skill level 5 in Invocations
  5142 | D:8      | Found a staircase to the Lair.
  5175 | D:8      | Reached skill level 5 in Fighting
  5175 | D:8      | Gained mutation: You passively map the area around you. [Deep Dwarf growth]
  5175 | D:8      | Reached XP level 9. HP: 66/81 MP: 11/11
  5409 | D:8      | Noticed Maurice
  5641 | D:8      | Killed Maurice
  5641 | D:8      | Reached skill level 5 in Dodging
  5649 | D:8      | Reached skill level 8 in Axes
  5854 | D:9      | Noticed a two-headed ogre
  5864 | D:9      | HP: 2/81 [two-headed ogre/giant club (22)]
  5864 | D:9      | Slain by a two-headed ogre

Vault maps used:
D:1:      onia_arrival_pentagram, minmay_hexomino_p4
D:2:      overflow_temple_1_default, first_ration
D:3:      lemuel_doored_altar
D:4:      marbit_many_paths
D:5:      zin_purify, serial_shops, kennysheep_mini_moat
D:6:      trog_three_pillars_becter
D:7:      minmay_temple_entry_fiery, serial_shops, shop, uniq_prince_ribbit1
D:8:      lair_entry_dummy, uniq_maurice
D:9:      basic_altar, uniq_pikel

Skill      XL: |  1  2  3  4  5  6  7  8  9 |
---------------+----------------------------+-----
Fighting       | 3 4 5 |  5.3
Axes           | 3 4 5 7 8 |  8.0
Dodging        | 1 2 3 4 5 |  5.1
Armour         | 4 5 6 |  6.4
Invocations    | 1 2 3 5 |  5.9
Shields        | 4 5 6 |  6.3

Action                   |  1- 3 |  4- 6 |  7- 9 || total
-------------------------+-------+-------+-------++-------
Melee: War axe           |   136 |   150 |   323 ||   609
Invok: Minor Destruction |       |       |     3 ||     3
 Abil: Heal Wounds       |     2 |     4 |     5 ||    11
Evoke: Wand              |       |       |     4 ||     4
  Use: Scroll            |       |       |    13 ||    13
  Eat: Chunk             |     1 |     5 |    12 ||    18
       Ration            |       |       |     1 ||     1
Armor: Scale mail        |    73 |    56 |   118 ||   247
       Leather armour    |       |    15 |       ||    15
Dodge: Dodged            |    49 |    39 |   120 ||   208
Block: Shield            |    75 |    77 |   157 ||   309

Table legend:
 A = Spawn XP
 B = Non-spawn XP
 C = Spawn XP percentage of total XP
 D = Spawn monster count
 E = Non-spawn monster count
 F = Spawn count percentage of total count
 G = Total turns spent on level
                    A         B        C        D         E        F      G
               +---------+---------+-------+---------+---------+-------+---------
         Total |       0 |    4074 |   0.0 |       0 |     136 |   0.0 |  5864
               +---------+---------+-------+---------+---------+-------+---------
           D:1 |       0 |      47 |   0.0 |       0 |      19 |   0.0 |   681
           D:2 |       0 |      36 |   0.0 |       0 |      13 |   0.0 |   636
           D:3 |       0 |      33 |   0.0 |       0 |       9 |   0.0 |   571
           D:4 |       0 |     220 |   0.0 |       0 |      24 |   0.0 |   710
           D:5 |       0 |     757 |   0.0 |       0 |      17 |   0.0 |   878
           D:6 |       0 |     243 |   0.0 |       0 |      15 |   0.0 |   962
           D:7 |       0 |    1132 |   0.0 |       0 |      18 |   0.0 |   637
           D:8 |       0 |    1606 |   0.0 |       0 |      21 |   0.0 |   735
               +---------+---------+-------+---------+---------+-------+---------
